 Dungeon Crawl Stone Soup version 0.31.0-9-g3a7656b989 (webtiles) character file.

Game seed: 6302579393937759824

76 qw the Shooter (level 4, 0/25 HPs)
             Began as a Deep Elf Hunter on Feb 2, 2024.
             Slain by an orc
             ... wielding a +0 club
              (3 damage)
             ... on level 3 of the Dungeon.
             The game lasted 00:00:05 (1805 turns).

qw the Shooter (Deep Elf Hunter)                    Turns: 1805, Time: 00:00:06

Health: 0/25       AC:  5    Str: 10    XL:     4   Next: 12%
Magic:  6/6        EV: 11    Int: 14    God:
Gold:   159        SH:  0    Dex: 18    Spells: 3/3 levels left

rFire   . . .        a - +0 shortbow
rCold   . . .        (shield currently unavailable)
rNeg    . . .        h - +0 ring mail
rPois   .            (no helmet)
rElec   .            (no cloak)
rCorr   .            (no gloves)
SInv    .            (no boots)
Will    .....        (no amulet)
Stlth   +            (no ring)
HPRegen 0.24/turn    (no ring)
MPRegen 0.10/turn

%: no passive effects
@: no status effects
A: no striking features
a: no special abilities


You were on level 3 of the Dungeon.
You visited 1 branch of the dungeon, and saw 3 of its levels.

You collected 159 gold pieces.


   Skills:
 - Level 1.5 Fighting
 + Level 7.5 Ranged Weapons
 - Level 2.4 Dodging
 - Level 1.2 Stealth


You had 3 spell levels left.
You didn't know any spells.
Your spell library was empty.

Inventory:

Hand Weapons
 a - a +0 shortbow (weapon)
Armour
 h - a +0 ring mail (worn)
Potions
 b - a potion of curing
 c - a potion of mutation
 j - a potion of enlightenment

Dungeon Overview and Level Annotations

Branches:
Dungeon (3/15)

Altars:
Dithmenos


Message History

You shoot an arrow. The arrow hits the orc.
The orc is heavily wounded.
The orc hits you but does no damage.
You shoot an arrow. The arrow hits the orc.
The orc is almost dead.
The orc hits you but does no damage.
You shoot an arrow. The arrow hits the orc.
You kill the orc!
You shoot an arrow. The arrow hits the orc.
The orc is lightly wounded.
The orc hits you but does no damage.
You shoot an arrow. The arrow closely misses the orc.
The orc hits you with a +0 club. The orc misses you.
The orc closely misses you.
You shoot an arrow.
The arrow hits the orc but does no damage.
The orc is lightly wounded.
The orc completely misses you. The orc hits you but does no damage.
The orc hits you with a +0 hand axe. The orc hits you with a +0 club.
You shoot an arrow.
The arrow hits the orc but does no damage.
The orc is lightly wounded.
The orc barely misses you. The orc closely misses you. x2
The orc barely misses you.
You shoot an arrow. The arrow closely misses the orc.
The orc closely misses you. The orc hits you with a +0 club.
The orc barely misses you.
You shoot an arrow. The arrow closely misses the orc.
The orc hits you with a +0 hand axe. The orc hits you but does no damage.
The orc barely misses you.
You shoot an arrow. The arrow barely misses the orc.
The orc closely misses you. The orc hits you with a +0 club.
The orc barely misses you. x2
You shoot an arrow. The arrow hits the orc.
You kill the orc!
The orc barely misses you. The orc hits you with a +0 hand axe.
The orc closely misses you.
You shoot an arrow. The arrow hits the orc!
You kill the orc!
The orc hits you with a +0 club.
You die...

......<.#$
#.......##
#........#
#........#
#.......<#######
...)......#......
.....$...$..#
#........#o##
#........#@#
.........))#
............
..........###
.........#
........ ......#
######


You could see an orc.

Vanquished Creatures
  3 adders
  A dart slug (D:1)
  A ribbon worm (D:2)
  3 orcs (D:3)
  2 ball pythons
  5 endoplasms
  A giant cockroach (D:1)
  3 goblins
  4 hobgoblins
  5 jackals
  6 kobolds
  2 quokkas (D:1)
  4 rats
40 creatures vanquished.

Notes
Turn   | Place    | Note
-------+----------+-------------------------------------------
     0 | D:1      | qw the Deep Elf Hunter began the quest for the Orb.
     0 | D:1      | Reached XP level 1. HP: 12/12 MP: 3/3
     0 | D:1      | 0 ||| qw: Version: 0.3-a-155-g5e7d8dd
     0 | D:1      | 0 ||| qw: Game counter: 1781
     0 | D:1      | 0 ||| qw: Melee chars always use a shield: true
     0 | D:1      | 0 ||| qw: God list: Okawaru
     0 | D:1      | 0 ||| qw: Allow faded altars: false
     0 | D:1      | 0 ||| qw: Do Orc after clearing Dungeon:15 true
     0 | D:1      | 0 ||| qw: Do second Lair branch before Depths: true
     0 | D:1      | 0 ||| qw: Lair rune preference: random
     0 | D:1      | 0 ||| qw: Goals: Normal
     0 | D:1      | 0 ||| PLANNING D:1-11
   114 | D:1      | Reached XP level 2. HP: 14/16 MP: 4/4
   151 | D:1      | Reached skill level 6 in Ranged Weapons
   815 | D:1      | 815 ||| UPGRADING to +0 scale mail.
   825 | D:1      | 825 ||| DROPPING +0 leather armour.
   826 | D:1      | 826 ||| UPGRADING to +0 ring mail.
   836 | D:1      | 836 ||| DROPPING +0 scale mail.
   837 | D:1      | 837 ||| READING 5 scrolls labelled VOHYOT LOCW.
   837 | D:1      | 837 ||| IDENTIFYING metallic amethyst potion
   838 | D:1      | 838 ||| READING 4 scrolls of identify.
   838 | D:1      | 838 ||| IDENTIFYING purple potion
   839 | D:1      | 839 ||| READING 3 scrolls of identify.
   839 | D:1      | 839 ||| IDENTIFYING scroll labelled KIPLY POILACO
   840 | D:1      | 840 ||| READING 2 scrolls of identify.
   840 | D:1      | 840 ||| IDENTIFYING scroll labelled JEMOUR MILAEH
   841 | D:1      | 841 ||| DROPPING scroll of butterflies.
   842 | D:1      | 842 ||| DROPPING scroll of amnesia.
   843 | D:1      | 843 ||| DROPPING potion of magic.
   844 | D:1      | 844 ||| DROPPING scroll of fog.
   878 | D:2      | Reached XP level 3. HP: 18/20 MP: 5/5
  1025 | D:2      | Reached skill level 7 in Ranged Weapons
  1126 | D:2      | Found a shadowy altar of Dithmenos.
  1751 | D:2      | 1751 ||| READING 2 scrolls of identify.
  1751 | D:2      | 1751 ||| IDENTIFYING clear potion
  1752 | D:2      | 1752 ||| READING scroll of identify.
  1752 | D:2      | 1752 ||| IDENTIFYING smoky cyan potion
  1783 | D:3      | 1783 ||| RETREEEEATING.
  1784 | D:3      | 1784 ||| RETREEEEATING.
  1785 | D:3      | 1785 ||| RETREEEEATING.
  1786 | D:3      | 1786 ||| RETREEEEATING.
  1787 | D:3      | 1787 ||| RETREEEEATING.
  1788 | D:3      | 1788 ||| RETREEEEATING.
  1791 | D:3      | Reached XP level 4. HP: 15/25 MP: 6/6
  1802 | D:3      | HP: 5/25 [orc/+0 hand axe (2)]
  1805 | D:3      | Slain by an orc

Levels and vault maps discovered:
D:1:      zaba_arrival_water, layout_basic, serial_bayou_lagoon_b
D:2:      layout_basic, basic_altar
D:3:      layout_rooms, amethyst_overflow_temple_binary,
          serial_co_window_serial, co_window_of_opportunity_a,
          co_window_corner_a, co_window_paths_a, co_window_corner_a,
          co_window_of_opportunity_a, co_window_of_opportunity_a,
          co_window_paths_b, co_window_cross_2, co_window_2corner,
          co_window_unsneaky_path_c, co_window_2corner, co_window_sun,
          co_window_paths_e, shapermc_ecumenical_altar_acropolis, uniq_jessica

Skill      XL: |  1  2  3 |
---------------+----------+-----
Ranged Weapons | 6 7 |  7.5
Fighting       | |  1.5
Dodging        | |  2.4
Stealth        | |  1.2

Action                     |  1- 3 |  4- 6 || total
---------------------------+-------+-------++-------
   Fire: Shortbow          |   102 |    15 ||   117
    Use: Scroll            |     6 |       ||     6
 Armour: Leather armour    |     3 |       ||     3
         Ring mail         |    23 |    15 ||    38
  Dodge: Dodged            |    33 |    16 ||    49

Table legend:
 A = Non-vault XP
 B = Vault XP
 C = Vault XP percentage of total XP
 D = Non-vault monster count
 E = Vault monster count
 F = Vault count percentage of total count
                 A         B        C        D         E       F
            +---------+---------+-------+---------+---------+-------
      Total |     112 |       0 |   0.0 |      40 |       0 |   0.0
            +---------+---------+-------+---------+---------+-------
        D:1 |      31 |       0 |   0.0 |      16 |       0 |   0.0
        D:2 |      55 |       0 |   0.0 |      18 |       0 |   0.0
        D:3 |      26 |       0 |   0.0 |       6 |       0 |   0.0
            +---------+---------+-------+---------+---------+-------
